 Dungeon Crawl Stone Soup version 0.31-a0-236-g9a0961fb85 (webtiles) character file.

Game seed: 13354500950455748508

100 qw the Shooter (level 4, 0/26 HPs)
             Began as a Gargoyle Hexslinger on July 9, 2023.
             Slain by an orc priest
             ... wielding a +0 flail
              (6 damage)
             ... on level 3 of the Dungeon.
             The game lasted 00:00:43 (2024 turns).

qw the Shooter (Gargoyle Hexslinger)                Turns: 2024, Time: 00:00:43

Health: 0/26       AC:  8    Str: 11    XL:     4   Next: 73%
Magic:  5/5        EV: 11    Int: 14    God:
Gold:   90         SH:  0    Dex: 14    Spells: 4/5 levels left

rFire   . . .        Y - +2 sling
rCold   . . .        (no shield)
rNeg    + . .        h - +0 leather armour
rPois   inf          c - +2 hat
rElec   +            (no cloak)
rCorr   .            (no gloves)
SInv    .            (no boots)
Will    +....        (no amulet)
Stlth   +            l - ring of willpower
HPRegen 0.24/turn    (no ring)
MPRegen 0.09/turn

%: no passive effects
@: about to teleport
A: sickness immunity, AC +3, negative energy resistance 1, electricity
resistance, torment resistance 1, petrification resistance
a: no special abilities


You were on level 3 of the Dungeon.
You visited 1 branch of the dungeon, and saw 3 of its levels.

You collected 90 gold pieces.


Innate Abilities, Weirdness & Mutations

You are immune to sickness and miasma.
Your stone body is resilient. (AC +3)
You are immune to poison.
You resist negative energy. (rN+)
You are resistant to electric shocks. (rElec)
You are resistant to unholy torment.
You are immune to petrification.


   Skills:
 - Level 2.0 Fighting
 + Level 4.5 Ranged Weapons
 - Level 1.5 Dodging
 - Level 1.0 Spellcasting
 - Level 2.6 Hexes


You had 4 spell levels left.
You knew the following spells:

 Your Spells              Type           Power      Damage    Failure   Level
a - Slow                  Hex            32%        N/A       12%         1

Your spell library contained the following spells:

 Spells                   Type           Power      Damage    Failure   Level
 Inner Flame              Hex/Fire       4%         N/A       52%         3
 Portal Projectile        Hex/Tloc       8%         N/A       52%         3
 Cause Fear               Hex            4%         N/A       75%         4

Inventory:

Hand Weapons
 Y - a +2 sling (weapon)
Armour
 c - a +2 hat (worn)
 h - a +0 leather armour (worn)
Jewellery
 l - a ring of willpower (left hand)
Scrolls
 a - a scroll of identify
Potions
 b - a potion of attraction {unknown}
 d - a potion of enlightenment {unknown}
 e - a potion of heal wounds {unknown}
 f - a potion of cancellation {unknown}
 k - a potion of lignification {unknown}

Dungeon Overview and Level Annotations

Branches:
Dungeon (3/15)

Altars:
Gozag
Uskayaw


Message History

The orc hits you with a +0 hand axe.
You shoot a sling bullet. The sling bullet hits the orc.
You kill the orc!
An orc comes into view. It is wielding a +0 hand axe.
You shoot a sling bullet. The sling bullet hits the orc!
You kill the orc!
An orc priest comes into view. It is wielding a +0 flail.
You shoot a sling bullet.
The sling bullet hits the orc priest but does no damage.
You shoot a sling bullet.
The sling bullet closely misses the orc priest.
The orc priest hits you but does no damage.
The orc priest hits you with a +0 flail!
You shoot a sling bullet.
The sling bullet closely misses the orc priest.
The orc priest hits you but does no damage.
You shoot a sling bullet.
The sling bullet barely misses the orc priest.
The orc priest hits you with a +0 flail.
You shoot a sling bullet.
The sling bullet barely misses the orc priest.
The orc priest barely misses you.
You shoot a sling bullet.
The sling bullet closely misses the orc priest.
The orc priest hits you with a +0 flail.
You shoot a sling bullet. The sling bullet hits the orc priest.
The orc priest is moderately wounded.
The orc priest hits you but does no damage.
The orc priest hits you with a +0 flail.
You shoot a sling bullet. The sling bullet hits the orc priest.
The orc priest is moderately wounded.
The orc priest hits you with a +0 flail.
2023 ||| READING scroll of teleportation.
As you read the scroll of teleportation, it crumbles to dust.
You feel strangely unstable. The orc priest closely misses you.
You shoot a sling bullet.
The sling bullet barely misses the orc priest.
The orc priest hits you with a +0 flail.
You die...

... ##+## # #.#
#.## #.# # #.#.#...
#.# # #.#... ##.##
# ..... ##...## #
#..) #.....## # ...
##...#.######
#o#######.#.#......
#.@..........######
##############


You could see an orc priest.

Vanquished Creatures
  An orc priest (D:3)
  An adder (D:3)
  A dart slug (D:1)
  5 orcs (D:3)
  5 bats
  2 endoplasms (D:2)
  2 giant cockroaches
  7 hobgoblins
  2 jackals (D:1)
  4 kobolds
  A quokka (D:1)
  3 ball pythons
  3 frilled lizards
  9 goblins
  3 rats
49 creatures vanquished.

Notes
Turn   | Place    | Note
-------+----------+-------------------------------------------
     0 | D:1      | qw the Gargoyle Hexslinger began the quest for the Orb.
     0 | D:1      | Reached XP level 1. HP: 12/12 MP: 2/2
     0 | D:1      | 0 ||| qw: Version: 0.3-a-51-g015441d
     0 | D:1      | 0 ||| qw: Game counter: 4406
     0 | D:1      | 0 ||| qw: Melee chars always use a shield: true
     0 | D:1      | 0 ||| qw: God list: Okawaru
     0 | D:1      | 0 ||| qw: Allow faded altars: false
     0 | D:1      | 0 ||| qw: Do Orc after clearing Dungeon:15 true
     0 | D:1      | 0 ||| qw: Do second Lair branch before Depths: true
     0 | D:1      | 0 ||| qw: Lair rune preference: random
     0 | D:1      | 0 ||| qw: Goals: Normal
     0 | D:1      | 0 ||| PLANNING D:1-11
   114 | D:1      | Reached XP level 2. HP: 16/16 MP: 3/3
   272 | D:1      | Reached skill level 3 in Ranged Weapons
   674 | D:1      | 674 ||| UPGRADING to +0 leather armour.
   684 | D:1      | 684 ||| DROPPING +0 robe.
   685 | D:1      | 685 ||| UPGRADING to ring of willpower.
   686 | D:1      | 686 ||| READING scroll labelled ZEILIOPL BAUROO.
   687 | D:1      | 687 ||| READING scroll labelled COIQON FIBIO.
   692 | D:1      | 692 ||| READING scroll labelled FIH BYPPAOXT.
   793 | D:1      | 793 ||| READING scroll labelled TISSAS EWIX.
   794 | D:1      | 794 ||| DROPPING scroll of poison.
   831 | D:2      | Reached XP level 3. HP: 21/21 MP: 4/4
   929 | D:2      | Found an opulent altar of Gozag.
  1249 | D:2      | 1249 ||| UPGRADING to +2 hat.
  1254 | D:2      | 1254 ||| READING scroll labelled YCIXEBROZOX.
  1255 | D:2      | 1255 ||| READING 4 scrolls labelled VUEWOT YHYFOU.
  1256 | D:2      | 1256 ||| DROPPING 3 scrolls of fear.
  1423 | D:3      | Found a hide-covered altar of Uskayaw.
  1607 | D:3      | Reached XP level 4. HP: 26/26 MP: 5/5
  1625 | D:3      | Reached skill level 4 in Ranged Weapons
  1629 | D:3      | HP: 6/26 [orc/+0 trident (2)]
  1630 | D:3      | 1630 ||| READING 2 scrolls of teleportation.
  2022 | D:3      | HP: 6/26 [orc priest/+0 flail (2)]
  2023 | D:3      | 2023 ||| READING scroll of teleportation.
  2024 | D:3      | Slain by an orc priest

Levels and vault maps discovered:
D:1:      psy_arrival_spokes, layout_basic, minmay_misc_feat_x
D:2:      layout_basic, basic_altar, kennysheep_decorative_pillar,
          minmay_diced_spiral
D:3:      layout_loops_corners, overflow_temple_1_default

Skill      XL: |  1  2  3  4 |
---------------+-------------+-----
Ranged Weapons | 3 4 |  4.5
Fighting       | 2 |  2.0
Dodging        | |  1.5
Spellcasting   | |  1.0
Hexes          | |  2.6

Action                     |  1- 3 |  4- 6 || total
---------------------------+-------+-------++-------
   Fire: Sling             |   123 |    42 ||   165
    Use: Scroll            |     6 |     2 ||     8
 Armour: Robe              |    23 |       ||    23
         Leather armour    |     4 |    12 ||    16
  Dodge: Dodged            |    49 |    18 ||    67

Table legend:
 A = Non-vault XP
 B = Vault XP
 C = Vault XP percentage of total XP
 D = Non-vault monster count
 E = Vault monster count
 F = Vault count percentage of total count
                 A         B        C        D         E       F
            +---------+---------+-------+---------+---------+-------
      Total |     134 |       9 |   6.3 |      44 |       5 |  10.2
            +---------+---------+-------+---------+---------+-------
        D:1 |      33 |       0 |   0.0 |      18 |       0 |   0.0
        D:2 |      10 |       9 |  47.4 |       6 |       5 |  45.5
        D:3 |      91 |       0 |   0.0 |      20 |       0 |   0.0
            +---------+---------+-------+---------+---------+-------
